AoeStats
← kristiian

Arabia

506913770Analyzed
1v1 RM · 17d ago on Sep 15, 2026· 49m 52s· 2 players
Game mode
Random Map
Map size
Tiny (2 player)
Population
200
Speed
Normal
Resources
Standard
Victory
Conquest
Starting age
Dark Age
Ending age
Imperial Age
RankedLock teamsTeams togetherTeam positionsShared explorationLock speedFull tech treeHidden civsTurbo modeCheats
Victory
Defeat
🇨🇿 Inca · Czechia
495
+13
🇨🇿 Poles · Czechia
428
-13
Janion
7:17 Loom
13:26 Feudal Age
14:33 Arson
16:32 Horse Collar
22:00 Bloodlines
23:25 Man-at-Arms
24:28 Scale Barding Armor
24:25 Scale Mail Armor
24:39 Forging
27:06 Double-Bit Axe
28:00 Wheelbarrow
27:12 Town Watch
30:18 Fletching
34:46 Castle Age
35:18 Long Swordsman
36:11 Heavy Plow
37:49 Bow Saw
39:06 Chain Barding Armor
39:02 Chain Mail Armor
39:25 Iron Casting
38:50 Bodkin Arrow
38:56 Padded Archer Armor
40:01 Husbandry
42:42 Hand Cart
42:59 Gold Mining
42:59 Stone Mining
46:24 Stone Shaft Mining
46:36 Leather Archer Armor
46:26 Murder Holes
46:12 Treadmill Crane
46:38 Guard Tower
47:03 Masonry
kristiian
0:50 Loom
12:55 Feudal Age
16:55 Champi Runner
19:19 Scale Mail Armor
19:29 Forging
22:30 Wheelbarrow
22:27 Double-Bit Axe
22:23 Horse Collar
22:35 Gold Mining
23:09 Arson
27:00 Castle Age
27:47 Squires
29:06 Champi Warrior
30:48 Chain Mail Armor
34:45 Gold Shaft Mining
35:43 Iron Casting
37:52 Padded Archer Armor
37:43 Fletching
38:28 Bow Saw
40:12 Heavy Plow
40:30 Leather Archer Armor
41:15 Bodkin Arrow
42:53 Thumb Ring
49:01 Imperial Age
46:48 Hand Cart
46:19 Town Watch
Connection lost

Rejoining the realm…

Still unreachable

The connection could not be restored.

Session expired

The server has moved on; the page needs a fresh start.